 Dungeon Crawl Stone Soup version 0.27-a0-1312-g5cdb2b3542 (webtiles) character file.

Game seed: 3763849503624565594

136 quinnr the Stinger (level 4, -1/21 HPs)
             Began as a Spriggan Venom Mage on June 18, 2021.
             Slain by Menkaure (14 damage)
             ... on level 4 of the Dungeon on June 20, 2021.
             The game lasted 00:17:07 (4982 turns).

quinnr the Stinger (Spriggan Venom Mage)            Turns: 4982, Time: 00:17:08

Health: -1/21      AC:  2    Str:  4    XL:     4   Next: 98%
Magic:  8/9        EV: 18    Int: 17    God:
Gold:   103        SH:  0    Dex: 21    Spells: 3/9 levels left

rFire    . . .     SeeInvis +   r - +1 dagger (speed)
rCold    . . .     Faith    .   (shield restricted)
rNeg     . . .     Spirit   .   a - +0 robe
rPois    +         Reflect  .   (helmet restricted)
rElec    .         Harm     .   (no cloak)
rCorr    +         Rampage  .   (gloves unavailable)
Will     .....                  (boots unavailable)
Stlth    +++.......             (no amulet)
HPRegen  0.07/turn              k - +6 ring of dexterity
MPRegen  0.11/turn              j - ring of Dishonesty {+Blink rPois rCorr}

@: hasted, very quick
A: very small, no large weapons, unfitting armour, see invisible, speed 3
a: Evoke Blink


You were on level 4 of the Dungeon.
You visited 1 branch of the dungeon, and saw 4 of its levels.

You collected 103 gold pieces.

Inventory:

Hand Weapons
 l - a +0 dagger
 q - a +2 dagger of venom
 r - a +1 dagger of speed (weapon)
 s - a +0 hunting sling
Missiles
 f - 17 poisoned darts
 g - 73 sling bullets
 p - 2 boomerangs of dispersal
Armour
 a - a +0 robe (worn)
Jewellery
 h - a ring of see invisible
 j - the ring of Dishonesty (right hand) {+Blink rPois rCorr}
   (You acquired it on level 4 of the Dungeon)

   [ring of poison resistance]

   It protects you from poison.
   It lets you blink.
   It protects you from acid and corrosion.
 k - a +6 ring of dexterity (left hand)
Scrolls
 c - 2 scrolls of teleportation
 i - a scroll of fog
Potions
 b - a potion of brilliance
 d - 2 potions of haste
 e - a potion of lignification {unknown}
 t - 2 potions of cancellation


   Skills:
 - Level 2.6 Dodging
 - Level 3.0 Stealth
 - Level 3.0 Spellcasting
 + Level 1.7 Conjurations
 - Level 2.0 Transmutations
 - Level 2.0 Air Magic
 - Level 4.0 Poison Magic


You had 3 spell levels left.
You knew the following spells:

 Your Spells              Type           Power      Damage    Failure   Level
a - Sting                 Tmut/Pois      48%        1d5       4%          1
b - Poisonous Vapours     Pois/Air       24%        N/A       8%          2
c - Mephitic Cloud        Conj/Pois/Air  11%        N/A       19%         3

Your spell library contained the following spells:

 Spells                   Type           Power      Damage    Failure   Level
 Ignite Poison            Fire/Tmut/Pois 9%         N/A       22%         3
 Olgreb's Toxic Radiance  Pois           16%        N/A       32%         4


Dungeon Overview and Level Annotations

Branches:
Dungeon (4/15)
 Temple: D:4-7

Altars:
Wu Jian

Shops:
D:1 [

Annotations:
D:2 1 runed translucent door, Crazy Yiuf
D:4 Menkaure


Innate Abilities, Weirdness & Mutations

You are very small and have problems with some larger weapons.
You are too small for most types of armour.
You have supernaturally acute eyesight. (SInv)
You cover ground extremely quickly. (Speed+++)


Message History

Aim: a hobgoblin (asleep) Poisonous vapours surround the hobgoblin!
The hobgoblin is poisoned.
The hobgoblin shouts!
You hear a shout! x2
Unknown command.
You kill the hobgoblin!
e - a fizzy dark potion A kobold and Menkaure come into view.
Menkaure mumbles some strange words.
Menkaure seems to speed up.
Casting: Poisonous Vapours (safe; 8% risk of failure)
Confirm with . or Enter, or press ? or * to list all spells.
Okay, then.
Press: ? - help, v - describe, . - travel
Here: Menkaure (fast)
The floor.
Okay, then.
You feel yourself speed up. The kobold closely misses you.
Unknown command.
Your +2 dagger of venom stops dripping with poison.
Your hands tingle!
r - a +1 dagger of speed (weapon)
The kobold completely misses you.
Unknown command.
You closely miss the kobold. You hit the kobold but do no damage.
The kobold hits you with a +0 whip.
Unknown command.
You hit Menkaure but do no damage.
Unknown command.
You barely miss Menkaure. Menkaure barely misses you.
Unknown command.
You barely miss the kobold. The kobold hits you with a +0 whip.
Unknown command.
You hit Menkaure.
Menkaure is lightly damaged.
You hit Menkaure.
Menkaure is lightly damaged.
Menkaure hits you!
Ouch! That really hurt!
You die...

.......#...##.###........
.......###...............
.......###........# #....
............##....##.....
....#.#.....###.........#
....##..##..##...........
#...##..#...##.....>.....
##...........#...........
#...#..........@.†..##.#
##########...###M.......
#..##..K.....#.
##........####
#..........# #..........#
#......##..# ....#.. ###
.......


You could see Menkaure (fast) and a kobold.

Vanquished Creatures
  2 adders (D:3)
  3 worms
  6 dart slugs
  9 orcs (D:3)
  6 endoplasms
  5 giant cockroaches
  6 goblins
  9 hobgoblins
  2 jackals (D:1)
  6 quokkas
  7 ball pythons
  7 bats
  7 frilled lizards
  5 kobolds
  3 rats
83 creatures vanquished.

Notes
Turn   | Place    | Note
-------+----------+-------------------------------------------
     0 | D:1      | quinnr the Spriggan Venom Mage began the quest for the Orb.
     0 | D:1      | Reached XP level 1. HP: 9/9 MP: 5/5
    15 | D:1      | Found Niedem's Antique Armour Shoppe.
   335 | D:1      | Reached XP level 2. HP: 13/13 MP: 3/6
   406 | D:1      | Learned a level 2 spell: Poisonous Vapours
   952 | D:1      | Reached skill level 1 in Air Magic
   952 | D:1      | Reached skill level 4 in Poison Magic
   952 | D:1      | Reached XP level 3. HP: 16/16 MP: 0/8
  1317 | D:1      | Upgraded the game from 0.27-a0-1308-gc08437e49b to
                  | 0.27-a0-1312-g5cdb2b3542
  1459 | D:2      | Learned a level 3 spell: Mephitic Cloud
  1602 | D:2      | Found a faded altar of an unknown god.
  1671 | D:2      | quinnr: !whichgod SpVe
  1671 | D:2      | beem: No keyword 'SpVe'
  1671 | D:2      | quinnr: !ftw Venom Mage
  1671 | D:2      | beem: ??VM
  1671 | D:2      | quinnr: !whichgod SpVM
  1671 | D:2      | beem: 53 recent wins for SpVM: 25x Ashenzari, 10x Sif Muna,
                  | 6x Gozag, 4x Vehumet, 3x Dithmenos, 2x Fedhas, Nemelex
                  | Xobeh, Uskayaw, Kikubaaqudgha
  2785 | D:2      | Reached XP level 4. HP: 21/21 MP: 6/9
  2974 | D:2      | Found a runed translucent door.
  2975 | D:2      | Noticed Crazy Yiuf
  3673 | D:3      | Reached skill level 1 in Conjurations
  4294 | D:3      | Found an ornate altar of the Wu Jian Council.
  4751 | D:4      | Identified a scroll of acquirement
  4751 | D:4      | Acquired the ring of Dishonesty {+Blink rPois rCorr}
  4972 | D:4      | Noticed Menkaure
  4982 | D:4      | Slain by Menkaure

Illustrated notes

Levels and vault maps discovered:
D:1:      psy_arrival_dodecagon, layout_rooms, serial_shops, shop
D:2:      layout_basic, ebering_ecumenical_altar_box, hex_large,
          uniq_crazy_yiuf_cottage
D:3:      layout_basic, nicolae_wu_jian_glorious_leap
D:4:      layout_cave_pools, gup_sewer_entry_glass, uniq_menkaure, uniq_duvessa,
          uniq_pikel

Skill      XL: |  1  2  3  4 |
---------------+-------------+-----
Air Magic      | 1 2 |  2.0
Poison Magic   | 4 |  4.0
Spellcasting   | 3 |  3.0
Transmutations | 2 |  2.0
Conjurations   | 1 |  1.7
Dodging        | |  2.6
Stealth        | |  3.0

Action                   |  1- 3 |  4- 6 || total
-------------------------+-------+-------++-------
Melee: Unarmed           |     1 |       ||     1
       Dagger            |       |    35 ||    35
Throw: Dart              |     4 |       ||     4
 Cast: Sting             |    67 |    28 ||    95
       Poisonous Vapours |    38 |    36 ||    74
  Use: Scroll            |       |    10 ||    10
       Potion            |       |     1 ||     1
Armor: Robe              |     2 |     5 ||     7
Dodge: Dodged            |    15 |    44 ||    59

Table legend: (Time is in decaauts)
 A = Elapsed time spent in this place.
 B = Non-inter-level travel time spent in this place.
 C = Inter-level travel time spent in this place.
 D = Time resting spent in this place.
 E = Time spent auto-exploring this place.
 F = Levels seen in this place.
 G = Mean time per level.
                   A        B        C        D        E       F      G
               +--------+--------+--------+--------+--------+-----+--------+
         Total |   4146 |   4048 |     98 |    401 |   3023 |   4 | 1036.5 |
       Dungeon |   4146 |   4048 |     98 |    401 |   3023 |   4 | 1036.5 |
               +--------+--------+--------+--------+--------+-----+--------+

Top non-repeatable levels by time:
     D:2: 1379 daAuts
     D:3: 1367 daAuts
     D:1: 1218 daAuts
     D:4: 180 daAuts
